[Event "*** SCC Grand Prix: Titled Tuesday Blitz"]
[Site "Chess.com"]
[Date "2020.06.02"]
[Round "5"]
[White "XiaoKangZhong"]
[Black "Anton_Demchenko"]
[Result "0-1"]
[WhiteElo "2440"]
[BlackElo "2825"]
[TimeControl "180+1"]
[EndTime "10:58:10 PDT"]
[Termination "Anton_Demchenko won by resignation"]

1. e4 e5 2. Nf3 Nc6 3. Bc4 Nf6 4. d3 Be7 5. Nbd2 O-O 6. a4 d6 7.
O-O Kh8 8. Re1 Ng8 9. c3 f5 10. Ba2 fxe4 11. Nxe4 Bg4 12. Re3 d5 13. Ng3 Bg5 14.
Re1 Bxf3 15. gxf3 Bxc1 16. Rxc1 Nf6 17. d4 exd4 18. cxd4 Nb4 19. Bb1 a5 20. Re5 g6 21.
Qd2 Ra6 22. Rce1 Ng8 23. Qe3 Raf6 24. Re8 Qd6 25. Rxf8 Qxf8 26. Kg2 Nh6 27. Qe5 Qd6 28. Re3 Nf7 29. Qxd6 Nxd6 30. Re7 Rf7 31. Rxf7 Nxf7 32. Kf1 Kg7 33. Ke2 Kf6 34. Bd3 Nd8 35. Ke3 Ne6 36.
Ne2 b6 37. b3 c5 38. f4 Nc6 39. dxc5 bxc5 40. Kd2 Ncd4 41. Nxd4 Nxd4 42. Kc3 Ne6 43. Bb5 Nxf4 44. Kd2 Ke5 45. Ke3 Ne6 46. Ba6 Nd4 47. Bb5 Nxb3 48. Be8 Nd4 49. h4 Nf5+ 50. Kd3 Nxh4 51.
Bd7 Nf3 52. Ke3 Nd4 53. Kd3 g5 54. Be8 h6 55. Bh5 Ne6 56. Bd1 Nf4+ 57. Ke3 d4+ 58. Kf3 c4 59. Kg4 Kf6 60. Bf3 h5+ 61. Kg3 Ke5 62.
Bd1 c3 63. Bc2 d3 64. Bb3 c2 65. f3 c1=Q 66. Kf2 Qb2+ 67. Kg3 Qxb3 68. Kh2 Qb2+ 69.
Kg3 Qb4 70. Kf2 Qxa4 71. Kg3 Qb4 0-1

[Event "*** SCC Grand Prix: Titled Tuesday Blitz"]
[Site "Chess.com"]
[Date "2020.06.02"]
[Round "5"]
[White "IngOscarArdila"]
[Black "albano87"]
[Result "0-1"]
[WhiteElo "2103"]
[BlackElo "2448"]
[TimeControl "180+1"]
[EndTime "10:58:10 PDT"]
[Termination "albano87 won by resignation"]

1. d4 d5 2. Nf3 Nf6 3. g3 g6 4. Bg2 Bg7 5. O-O O-O 6. Nbd2 Nbd7 7. b3 b6 8. Bb2 Bb7 9. Re1 c5 10. c4 Re8 11. Rc1 Rc8 12. Ne5 Nxe5 13. dxe5 Ng4 14. Nf3 d4 15. e6 Bxf3 16. exf7+ Kxf7 17. Bxf3 Nf6 18. Qd3 e5 19. Be4 Qd7 20. Rcd1 Nxe4 21. Qxe4 Qc6 22. Qg4 Qe6 23. Qe4 Qc6 24. Qg4 e4 25. e3 Rcd8 26. exd4 cxd4 27. Qf4+ Kg8 28. Qg5 Qf6 29. Qg4 Qf5 30. Qh4 Rf8 31. Rf1 Rfe8 32. Rde1 Bf6 33. Qh6 Bg5 0-1

[Event "*** SCC Grand Prix: Titled Tuesday Blitz"]
[Site "Chess.com"]
[Date "2020.06.02"]
[Round "5"]
[White "KejJaj"]
[Black "Pintacara"]
[Result "1-0"]
[WhiteElo "2043"]
[BlackElo "2244"]
[TimeControl "180+1"]
[EndTime "10:58:10 PDT"]
[Termination "KejJaj won by checkmate"]

1. d4 Nf6 2. Bf4 d6 3. Nc3 g6 4.
e4 Bg7 5. Qd2 h6 6. O-O-O c6 7.
f3 b5 8. h4 a5 9. g4 a4 10. a3 Na6 11. Na2 Be6 12. d5 cxd5 13.
Bxb5+ Kf8 14. e5 dxe5 15. Bxe5 Nc5 16. Ne2 Qb6 17. Nd4 Bd7 18. Nc3 Ra5 19. Qe2 Bxb5 20.
Ndxb5 e6 21. g5 Nfd7 22. Bxg7+ Kxg7 23. gxh6+ Rxh6 24. f4 Rh8 25. h5 Rb8 26. hxg6 Rxb5 27. Rh7+ Kg8 28. Qh5 Nb3+ 29. cxb3 Qe3+ 30. Kb1 Rxb3 31.
Rh8+ Kg7 32. Qh7+ Kf6 33. Qxf7# 1-0

[Event "*** SCC Grand Prix: Titled Tuesday Blitz"]
[Site "Chess.com"]
[Date "2020.06.02"]
[Round "5"]
[White "Enriquack"]
[Black "karinachess1"]
[Result "0-1"]
[WhiteElo "2354"]
[BlackElo "2509"]
[TimeControl "180+1"]
[EndTime "10:58:12 PDT"]
[Termination "karinachess1 won by checkmate"]

1. e4 e5 2. Nf3 Nc6 3. Bb5 a6 4. Ba4 Nf6 5. O-O Be7 6. Re1 b5 7. Bb3 O-O 8. d4 Nxd4 9. Nxd4 exd4 10. e5 Ne8 11. Qxd4 c5 12. Qe4 c4 13. Qxa8 Qc7 14.
Qf3 Bb7 15. Qg3 Qc6 16. Nc3 d5 17. Ne2 Bc5 18. Nf4 d4 19. c3 cxb3 20. axb3 dxc3 21.
bxc3 g6 22. Be3 Ng7 23. Bxc5 Qxc5 24. Qe3 Qc6 25. e6 Nxe6 26. f3 Nxf4 27. Qxf4 Qxc3 28. Qe3 Qf6 29. Qe5 Qb6+ 30. Qe3 Qf6 31. Rac1 a5 32.
Qc5 Ba6 33. Rcd1 a4 34. Rd6 Qh4 35. Rxa6 Qxe1# 0-1

[Event "*** SCC Grand Prix: Titled Tuesday Blitz"]
[Site "Chess.com"]
[Date "2020.06.02"]
[Round "5"]
[White "Reality-Stone"]
[Black "WPWPWP-2015"]
[Result "0-1"]
[WhiteElo "2485"]
[BlackElo "2356"]
[TimeControl "180+1"]
[EndTime "10:58:12 PDT"]
[Termination "WPWPWP-2015 won by resignation"]

1. d4 Nf6 2. c4 g6 3. Nc3 Bg7 4. e4 O-O 5. Be3 d6 6. h3 e5 7. d5 a5 8. g4 Na6 9. Nge2 Nc5 10. Ng3 c6 11. Qd2 Nfd7 12. h4 cxd5 13. cxd5 a4 14. h5 a3 15. b4 Na4 16. Nb5 Ndb6 17.
Bh6 Bf6 18. g5 Bg7 19. Bxg7 Kxg7 20. f4 exf4 21. Qxf4 Qe7 22. Nxd6 Nxd5 23. Qh4 Qxd6 24. hxg6 Qxb4+ 25. Kf2 fxg6+ 26. Kg1 Qd4+ 27. Kh2 Rf2+ 28. Bg2 Ne3 29. Qh6+ Kg8 30. Rhf1 Ng4+ 31. Kh1 Nxh6 0-1

[Event "*** SCC Grand Prix: Titled Tuesday Blitz"]
[Site "Chess.com"]
[Date "2020.06.02"]
[Round "5"]
[White "Jungle_Jaguar"]
[Black "1f3_2g41-0"]
[Result "1-0"]
[WhiteElo "2596"]
[BlackElo "2248"]
[TimeControl "180+1"]
[EndTime "10:58:12 PDT"]
[Termination "Jungle_Jaguar won by resignation"]

1. e4 c5 2. Nf3 d6 3. d4 cxd4 4. Nxd4 Nf6 5. Nc3 a6 6. Be3 e5 7.
Nf3 Be7 8. Bc4 O-O 9. O-O Be6 10. Bb3 Nc6 11. Qe2 b5 12. Rad1 Rc8 13. Nd5 Bxd5 14. exd5 Na5 15. c3 Nc4 16. Bc1 Qd7 17. Bc2 Rfe8 18.
Nh4 e4 19. f3 Qa7+ 20. Kh1 e3 21. Nf5 Bd8 22. b3 Nd2 23. Bxd2 exd2 24. Qxd2 Qd7 25. Rfe1 g6 26. Rxe8+ Nxe8 27. Nh6+ Kg7 28. Ng4 Bb6 29.
Bd3 Nc7 30. c4 bxc4 31. bxc4 a5 32. Qb2+ Kg8 33. Nf6+ 1-0

[Event "*** SCC Grand Prix: Titled Tuesday Blitz"]
[Site "Chess.com"]
[Date "2020.06.02"]
[Round "5"]
[White "Training_Day"]
[Black "gixfantastix"]
[Result "1-0"]
[WhiteElo "2328"]
[BlackElo "2076"]
[TimeControl "180+1"]
[EndTime "10:58:12 PDT"]
[Termination "Training_Day won on time"]

1. e4 c6 2. Nf3 d5 3. Nc3 d4 4.
Ne2 c5 5. c3 Nc6 6. cxd4 cxd4 7.
Qa4 d3 8. Nf4 Nf6 9. Bxd3 e5 10.
Nxe5 Bd6 11. Nxc6 bxc6 12. Qxc6+ Ke7 13. Nd5+ Nxd5 14. Qxd5 Be6 15. Qg5+ f6 16. Qxg7+ Bf7 17. Bc4 Rf8 18. d3 Bb4+ 19. Ke2 Qd4 20. Rb1 Rac8 21. Be3 Rxc4 22. Bxd4 Rxd4 23. Rhc1 Bd6 24. Rc6 Rg8 25. Qxh7 Rxg2 26. Rbc1 1-0

[Event "*** SCC Grand Prix: Titled Tuesday Blitz"]
[Site "Chess.com"]
[Date "2020.06.02"]
[Round "5"]
[White "Morshynska"]
[Black "zurzan"]
[Result "1-0"]
[WhiteElo "2159"]
[BlackElo "1914"]
[TimeControl "180+1"]
[EndTime "10:58:12 PDT"]
[Termination "Morshynska won by checkmate"]

1. e4 Nf6 2. e5 Nd5 3. Nc3 Nb6 4.
d4 d6 5. Nf3 g6 6. h3 Bg7 7. Bd3 Nc6 8. Qe2 O-O 9. Bf4 dxe5 10.
dxe5 Nb4 11. Be4 c6 12. a3 N4d5 13. Bg3 Nxc3 14. bxc3 Nd5 15. Qd3 Qa5 16. O-O Qxc3 17. Bxd5 Qxd3 18. Bxf7+ Rxf7 19. cxd3 Bxh3 20. Ng5 Bxg2 21.
Kxg2 Rf5 22. f4 Rd8 23. Rfd1 Bxe5 24. fxe5 Rxg5 25. d4 h5 26. Kf3 Rf5+ 27. Ke4 e6 28. Bh4 Rd7 29. Bf6 b5 30. Rg1 Kf7 31. a4 a6 32. axb5 axb5 33. Ra8 Rf2 34. Rga1 Re2+ 35. Kf3 Rd2 36. Rh8 R2xd4 37. Rh7+ Kg8 38. Rh8+ Kf7 39.
Rh7+ Kg8 40. Ra8+ Kxh7 41. Rh8# 1-0

[Event "*** SCC Grand Prix: Titled Tuesday Blitz"]
[Site "Chess.com"]
[Date "2020.06.02"]
[Round "5"]
[White "1stSecond"]
[Black "CrushingKings"]
[Result "1-0"]
[WhiteElo "2715"]
[BlackElo "2507"]
[TimeControl "180+1"]
[EndTime "10:58:13 PDT"]
[Termination "1stSecond won by resignation"]

1. Nf3 g6 2. c4 Bg7 3. Nc3 d6 4.
b3 Nf6 5. Bb2 c5 6. d4 Nbd7 7. e4 O-O 8. Be2 Ne8 9. O-O b6 10.
Re1 a6 11. a4 Rb8 12. Qd2 Nc7 13. d5 Nf6 14. e5 Nfe8 15. Ne4 Bf5 16. exd6 exd6 17. Bxg7 Nxg7 18. Qh6 f6 19. Nfg5 fxg5 20.
Nxg5 Rf7 21. Qxh7+ Kf8 22. Bg4 Be6 23. Qh8+ Ke7 24. Qxd8+ Kxd8 25. dxe6 Rf6 26. e7+ Ke8 27. Ne4 Kxe7 28. Nxf6+ Kxf6 29. Rad1 Rd8 30. Rd3 Nge6 31. Rf3+ Ke7 32. Bxe6 Nxe6 33. Rfe3 1-0

[Event "*** SCC Grand Prix: Titled Tuesday Blitz"]
[Site "Chess.com"]
[Date "2020.06.02"]
[Round "5"]
[White "AttilaTurzo"]
[Black "Playgood28"]
[Result "1-0"]
[WhiteElo "2479"]
[BlackElo "2303"]
[TimeControl "180+1"]
[EndTime "10:58:13 PDT"]
[Termination "AttilaTurzo won by resignation"]

1. e4 e5 2. Nf3 d6 3. d4 exd4 4. Nxd4 Nf6 5. Nc3 Be7 6. Bf4 O-O 7. Qd2 a6 8. O-O-O b5 9. f3 c5 10. Nf5 Bxf5 11. exf5 Nc6 12. g4 Nd4 13. Bg2 b4 14. Ne2 Nd5 15. Bg3 Bg5 16. f4 Nxe2+ 17. Qxe2 Nxf4 18.
Bxf4 Bxf4+ 19. Kb1 Rb8 20. Qxa6 Qf6 21. Qd3 Be5 22. Qb3 c4 23. Qxc4 Bxb2 24. Rhe1 Rfc8 25. Qb3 Be5 26. Re3 h6 27. Bd5 Rc3 28. Rxc3 Bxc3 29.
a4 Qe5 30. a5 Rb5 31. Bxf7+ Kf8 32. Bg6 Qf6 33. Qc4 Rb8 34. a6 Ba1 35. Qa2 d5 36. Qxa1 1-0

[Event "*** SCC Grand Prix: Titled Tuesday Blitz"]
[Site "Chess.com"]
[Date "2020.06.02"]
[Round "5"]
[White "korkmaz16"]
[Black "ketster"]
[Result "0-1"]
[WhiteElo "2254"]
[BlackElo "2424"]
[TimeControl "180+1"]
[EndTime "10:58:13 PDT"]
[Termination "ketster won by resignation"]

1. d4 Nf6 2. Nf3 d5 3. e3 c5 4. b3 Nc6 5. Bd3 cxd4 6. exd4 Bg4 7. Bb2 e6 8. O-O Bd6 9. Re1 O-O 10. Nbd2 Qc7 11. h3 Bh5 12. a3 Rfd8 13. Qe2 Rac8 14. c4 dxc4 15. Nxc4 Bf4 16. Rad1 Kh8 17. Nce5 Nxe5 18. dxe5 Nd5 19. g3 Bh6 20. g4 Nf4 21.
Qf1 Nxd3 22. Rxd3 Rxd3 23. Qxd3 Bg6 24. Qd6 Bf4 25. Qxc7 Rxc7 26. Rd1 h5 27. Nh4 Bc2 28. Rd8+ Kh7 29. b4 Bg5 30. Nf3 Bxd8 31. g5 Be4 32. Nd4 Bxg5 33. f3 Bd5 34. Kg2 Bc1 35. Kg3 Bxb2 0-1

[Event "*** SCC Grand Prix: Titled Tuesday Blitz"]
[Site "Chess.com"]
[Date "2020.06.02"]
[Round "5"]
[White "Campelov"]
[Black "kudesnik84"]
[Result "0-1"]
[WhiteElo "2163"]
[BlackElo "2386"]
[TimeControl "180+1"]
[EndTime "10:58:13 PDT"]
[Termination "kudesnik84 won by checkmate"]

1. e4 c5 2. Nf3 d6 3. d4 cxd4 4. Nxd4 Nf6 5. Nc3 g6 6. Be3 Bg7 7. f3 O-O 8. Bc4 Nc6 9. Qd2 Bd7 10. O-O-O Ne5 11. Bb3 Rc8 12. h4 h5 13. Bg5 Rc5 14. Kb1 b5 15. g4 a5 16. gxh5 a4 17. Bxf6 Bxf6 18. hxg6 axb3 19. Nxb3 Rxc3 20. Qh6 fxg6 21. bxc3 Qc7 22. h5 g5 23. f4 gxf4 24. Rd5 Qxc3 25. Rxe5 Qxe5 26. Rg1+ Bg7 27. Qg6 Qb2# 0-1

[Event "*** SCC Grand Prix: Titled Tuesday Blitz"]
[Site "Chess.com"]
[Date "2020.06.02"]
[Round "5"]
[White "RitvarsReimanis"]
[Black "Evgeny81"]
[Result "0-1"]
[WhiteElo "2535"]
[BlackElo "2719"]
[TimeControl "180+1"]
[EndTime "10:58:14 PDT"]
[Termination "Evgeny81 won on time"]

1. d4 Nf6 2. c4 e6 3. Nf3 Bb4+ 4. Bd2 Qe7 5. g3 Bxd2+ 6. Nbxd2 d6 7. Bg2 O-O 8. e4 e5 9. d5 a5 10. O-O Na6 11.
Ne1 Nc5 12. Qc2 Nfd7 13. Nb3 g6 14. Nd3 Nxd3 15. Qxd3 a4 16. Nd2 f5 17. exf5 Nc5 18. Qe2 Bxf5 19. Ne4 Bxe4 20. Bxe4 Rf6 21. Rab1 Raf8 22.
b3 axb3 23. axb3 Qf7 24. Bg2 Qg7 25. b4 Nd7 26. Bh3 Kh8 27. Ra1 e4 28. Bxd7 Qxd7 29.
Qxe4 Qh3 30. Qd4 Kg8 31. Ra7 Rf4 32. Qd3 Rh4 33. gxh4 Qxd3 34. Rxb7 Qxc4 35. Re1 Qxh4 36. Re2 Qc4 37. Re7 Qc1+ 0-1

[Event "*** SCC Grand Prix: Titled Tuesday Blitz"]
[Site "Chess.com"]
[Date "2020.06.02"]
[Round "5"]
[White "robertxbob"]
[Black "ChelsieMonica"]
[Result "0-1"]
[WhiteElo "2193"]
[BlackElo "2455"]
[TimeControl "180+1"]
[EndTime "10:58:14 PDT"]
[Termination "ChelsieMonica won on time"]

1. d4 Nf6 2. c4 e6 3. Nc3 Bb4 4. a3 Bxc3+ 5. bxc3 d5 6. e3 O-O 7. f3 c5 8. cxd5 exd5 9. Bd3 b6 10. Ne2 Ba6 11.
O-O Bxd3 12. Qxd3 Nc6 13. Ng3 Na5 14. Ra2 Rc8 15. Re2 Re8 16. e4 dxe4 17. fxe4 cxd4 18. cxd4 Ng4 19. Nf5 Ne5 20. Qg3 Ng6 21. h4 h5 22. Nd6 Nc4 23. Nxe8 Qxd4+ 24. Qf2 Qxf2+ 25. Rexf2 Rxe8 26. Rxf7 Rxe4 27. Rxa7 Nxh4 28. Rff7 Rg4 29. Rf2 Ne5 30. Kf1 Nd3 31. Rc2 Nf5 32. Ra8+ Kh7 33.
a4 Ng3+ 34. Kg1 Rh4 0-1

[Event "*** SCC Grand Prix: Titled Tuesday Blitz"]
[Site "Chess.com"]
[Date "2020.06.02"]
[Round "5"]
[White "Larina_Marija"]
[Black "gm_rashid"]
[Result "0-1"]
[WhiteElo "2119"]
[BlackElo "2347"]
[TimeControl "180+1"]
[EndTime "10:58:14 PDT"]
[Termination "gm_rashid won by resignation"]

1. e4 e5 2. Nf3 Nc6 3. Nc3 Nf6 4. Bb5 Bb4 5. O-O O-O 6. d3 d6 7.
Ne2 Nh5 8. Bxc6 bxc6 9. Ng3 Nxg3 10. hxg3 Bg4 11. c3 Bc5 12. Be3 Bxe3 13. fxe3 d5 14. Qa4 Qd6 15. exd5 Bxf3 16. gxf3 cxd5 17. Kg2 Rab8 18.
Rf2 f5 19. e4 c6 20. Rd1 Rbd8 21. Rff1 Qc5 22. d4 exd4 23. cxd4 Qb6 24. e5 Qxb2+ 25.
Rf2 Qb6 26. Qc2 Rc8 27. f4 c5 28.
dxc5 Rxc5 29. Qd2 Qc6 30. Rh1 d4+ 31. Rf3 Rc3 32. Rf1 Rc2 33. Qxc2 Qxc2+ 34. R1f2 Qe4 0-1

[Event "*** SCC Grand Prix: Titled Tuesday Blitz"]
[Site "Chess.com"]
[Date "2020.06.02"]
[Round "5"]
[White "quesfr"]
[Black "Charlottemillard17"]
[Result "0-1"]
[WhiteElo "2245"]
[BlackElo "1494"]
[TimeControl "180+1"]
[EndTime "10:58:14 PDT"]
[Termination "Charlottemillard17 won on time"]

1. e4 e5 2. Nf3 Nc6 3. Bb5 a6 4. Ba4 Nf6 5. O-O b5 6. Bb3 Bc5 7. c3 d5 8. exd5 Nxd5 9. d4 exd4 10. cxd4 Be7 11. Ne5 Bb7 12. Nc3 Nxc3 13. bxc3 O-O 14. Nxc6 Bxc6 15. Qh5 Bd5 16. Bf4 Bxb3 17. axb3 Bd6 18. Qf3 Bxf4 19. Qxf4 Rc8 20. Rxa6 c5 21. h3 cxd4 22. Qxd4 Qxd4 23. cxd4 Rc3 24. Rb1 Rd3 25. Rb6 Rxd4 26. Rxb5 Rfd8 27. Rb7 h6 28. b4 R4d7 29. Rxd7 Rxd7 30. Kf1 Rb7 31. Ke2 Kf8 32. Kd3 Ke7 33. Rb2 Kd6 34. Kc4 Kc6 0-1

[Event "*** SCC Grand Prix: Titled Tuesday Blitz"]
[Site "Chess.com"]
[Date "2020.06.02"]
[Round "5"]
[White "GoValya"]
[Black "crossingthestreet"]
[Result "0-1"]
[WhiteElo "2170"]
[BlackElo "2373"]
[TimeControl "180+1"]
[EndTime "10:58:15 PDT"]
[Termination "crossingthestreet won by resignation"]

1. d4 Nf6 2. c4 e6 3. g3 d5 4. Bg2 Be7 5. Nc3 O-O 6. Nh3 dxc4 7. O-O Nc6 8. e3 e5 9. d5 Na5 10. e4 Bg4 11. Qa4 Qd7 12. Qxd7 Bxd7 13. Ng5 h6 14. Nf3 Bd6 15. h3 b5 16. Be3 b4 17.
Ne2 Nxe4 18. Nxe5 Bxe5 19. Bxe4 Bxb2 20. Rab1 c3 21. Bc5 Rfb8 22. d6 cxd6 23. Bxd6 Nc4 24.
Bxa8 Nxd6 25. Bd5 Bf5 26. Rbe1 Bd3 27. Bb3 Re8 28. Nf4 Rxe1 29. Rxe1 Bf5 30. Re7 c2 31. Bxc2 Bxc2 32. Re2 Bc3 33. Rxc2 Nb5 34. Nd5 Nd4 35. Rxc3 Ne2+ 36. Kg2 Nxc3 37. Nxb4 a5 38. Nc2 Nxa2 39. Kf3 Nb4 40. Nxb4 axb4 41. Ke3 Kh7 42. Kd4 Kg6 43. Kc4 Kf5 44. Kxb4 Ke4 45. Kc4 Kf3 46. Kd4 Kxf2 47. g4 Kg3 48. Ke4 Kxh3 49. Kf4 g5+ 50. Kf5 Kh4 51.
Kf6 Kxg4 52. Kxf7 h5 0-1

[Event "*** SCC Grand Prix: Titled Tuesday Blitz"]
[Site "Chess.com"]
[Date "2020.06.02"]
[Round "5"]
[White "Muradore"]
[Black "Ceejay271"]
[Result "1-0"]
[WhiteElo "2611"]
[BlackElo "2410"]
[TimeControl "180+1"]
[EndTime "10:58:16 PDT"]
[Termination "Muradore won on time"]

1. e4 c5 2. c3 Nf6 3. e5 Nd5 4.
g3 d6 5. exd6 e6 6. Nf3 Bxd6 7.
Bg2 O-O 8. O-O Nc6 9. Na3 b6 10. Nc4 Ba6 11. d3 Bc7 12. a4 Rc8 13. Re1 Re8 14. Qb3 Qd7 15. h4 Bb8 16. Bd2 Nde7 17. Qc2 Nf5 18. Rad1 Red8 19. Bc1 Bb7 20. h5 h6 21. g4 Nd6 22. g5 hxg5 23. Bxg5 f6 24. Bc1 Nxc4 25. dxc4 Qf7 26. h6 g6 27. Rxd8+ Rxd8 28. Qe2 Ne5 29. Nxe5 Bxe5 30. Bxb7 Qxb7 31. Qg4 Qf7 32. Rd1 Rxd1+ 33. Qxd1 Kh7 34. a5 g5 35. a6 Kxh6 36. Qd8 Qh5 37. Be3 Qg4+ 38. Kf1 Kg6 39. Qd3+ Qf5 40. Qd7 Qb1+ 41. Ke2 Qxb2+ 42. Kf3 Qxc3 43.
Qxe6 Qa3 44. Qe8+ Kh6 45. Qf8+ Kg6 46. Qe8+ Kh6 47. Kg4 Qxa6 48. Kf5 Kg7 49. Qe7+ Kg8 50. Kg6 1-0

[Event "*** SCC Grand Prix: Titled Tuesday Blitz"]
[Site "Chess.com"]
[Date "2020.06.02"]
[Round "5"]
[White "Siemba"]
[Black "tapu2"]
[Result "1-0"]
[WhiteElo "2395"]
[BlackElo "2522"]
[TimeControl "180+1"]
[EndTime "10:58:16 PDT"]
[Termination "Siemba won on time"]

1. e4 c5 2. Nf3 d6 3. d4 cxd4 4. Nxd4 Nf6 5. Nc3 a6 6. Bg5 e6 7. f4 Be7 8. Qf3 Qc7 9. O-O-O Nbd7 10. g4 b5 11. Bxf6 Nxf6 12. g5 Nd7 13. f5 O-O 14. Qh5 b4 15. Rd3 bxc3 16. Rxc3 Qb6 17. Nc6 Bxg5+ 18.
Qxg5 Ne5 19. f6 Ng6 20. Ne7+ Kh8 21. Rh3 Qc5 22. fxg7+ Kxg7 23. Qh6+ Kf6 24. Nxg6 hxg6 25. Qxf8 Qf2 26. Qd8+ Ke5 27. Qg5+ Kd4 28. Rd3+ Kc4 29. b3+ 1-0

[Event "*** SCC Grand Prix: Titled Tuesday Blitz"]
[Site "Chess.com"]
[Date "2020.06.02"]
[Round "5"]
[White "Alopekos"]
[Black "WelshTiger"]
[Result "0-1"]
[WhiteElo "2495"]
[BlackElo "2373"]
[TimeControl "180+1"]
[EndTime "10:58:16 PDT"]
[Termination "WelshTiger won on time"]

1. e4 c5 2. Nc3 Nc6 3. Nge2 d6 4. d4 cxd4 5. Nxd4 Nf6 6. Bg5 Bd7 7.
Bc4 Qa5 8. Bxf6 gxf6 9. Nb3 Qg5 10. g3 Bh3 11. f4 Qg6 12. Qd5 Rc8 13. O-O-O Bg4 14. Rd2 Be6 15. Qb5 a6 16. Qxb7 Nd8 17. Qxa6 Rxc4 18. f5 Qh5 19. fxe6 Rc6 20. Qa4 Bh6 21. Nd4 Bxd2+ 22. Kxd2 Qc5 23. Nxc6 Nxc6 24. exf7+ Kxf7 25. Rf1 Ne5 26. Qb3+ Kg7 27. Kc1 Rc8 28. Kb1 Nc4 29. Ka1 Rc6 30. Rf5 Qg1+ 31. Nb1 Nd2 0-1

[Event "*** SCC Grand Prix: Titled Tuesday Blitz"]
[Site "Chess.com"]
[Date "2020.06.02"]
[Round "5"]
[White "jorquerino"]
[Black "Mikasinski"]
[Result "1-0"]
[WhiteElo "2337"]
[BlackElo "2462"]
[TimeControl "180+1"]
[EndTime "10:58:16 PDT"]
[Termination "jorquerino won by resignation"]

1. e4 c5 2. Nc3 Nc6 3. g3 g6 4.
Bg2 Bg7 5. d3 d6 6. Be3 Rb8 7.
Qd2 e6 8. Nf3 Nd4 9. Bxd4 cxd4 10. Nb5 Qb6 11. Qb4 Kd7 12. e5 dxe5 13. Nd2 a5 14.
Qa4 Kd8 15. Nc4 Qa6 16. Qxa5+ Qxa5+ 17. Nxa5 Ne7 18. Nd6 Rf8 19. Ndxb7+ Bxb7 20. Nxb7+ Kc7 21. Na5 Rxb2 22. O-O Rxc2 23. Rfc1 Rxc1+ 24. Rxc1+ Kd7 25. Rb1 Rc8 26. Nc4 Kd8 27. a4 Nd5 28. a5 Bf8 29. Rb7 Bc5 30. Rxf7 h5 31. Nxe5 Rb8 32. Nc6+ Kc8 33.
Nxb8 Kxb8 34. Bxd5 exd5 35. a6 Bb6 36. Rb7+ 1-0

[Event "*** SCC Grand Prix: Titled Tuesday Blitz"]
[Site "Chess.com"]
[Date "2020.06.02"]
[Round "5"]
[White "allvim"]
[Black "Quiet_Desperation"]
[Result "0-1"]
[WhiteElo "2308"]
[BlackElo "2090"]
[TimeControl "180+1"]
[EndTime "10:58:16 PDT"]
[Termination "Quiet_Desperation won by resignation"]

1. e4 e6 2. d4 d5 3. Nd2 Nf6 4. e5 Nfd7 5. Bd3 c5 6. c3 Nc6 7. Ne2 cxd4 8. cxd4 f6 9. exf6 Nxf6 10. Nf3 Bd6 11. O-O Qc7 12. g3 O-O 13. Bf4 Ng4 14.
Bxd6 Qxd6 15. Nf4 Rxf4 16. gxf4 Qxf4 17. h3 e5 18. hxg4 Bxg4 19. Be2 Bh3 20. Kh1 Bxf1 21. Qxf1 Rf8 22. dxe5 Nxe5 23. Nxe5 Qxe5 24. Re1 Rf6 25.
f4 Rh6+ 26. Kg1 Qe3+ 27. Qf2 Rh1+ 28. Kg2 Rh2+ 29. Kxh2 Qxf2+ 30. Kh3 Qxe1 0-1

[Event "*** SCC Grand Prix: Titled Tuesday Blitz"]
[Site "Chess.com"]
[Date "2020.06.02"]
[Round "5"]
[White "adriangschnitzer"]
[Black "Kezin_Roman"]
[Result "0-1"]
[WhiteElo "2462"]
[BlackElo "2696"]
[TimeControl "180+1"]
[EndTime "10:58:17 PDT"]
[Termination "Kezin_Roman won by resignation"]

1. e4 c5 2. Nf3 e6 3. d4 cxd4 4. Nxd4 Nc6 5. Nc3 Qc7 6. Be3 a6 7. Bd3 Nf6 8. O-O Nxd4 9. Bxd4 Bc5 10. Be2 d6 11. a4 e5 12. Bxc5 Qxc5 13. a5 Be6 14.
Qd2 O-O 15. Kh1 Rac8 16. f4 exf4 17. Rxf4 Rfe8 18. Raf1 Qxa5 19. Rxf6 gxf6 20. Rxf6 Qe5 21. Qh6 Kh8 22. Bh5 Rc7 23. h3 Rg8 24. Bf3 Qg5 25. Rxe6 fxe6 26. Qxe6 Qe5 27. Qh6 Rcg7 28. Nd5 Rf8 29.
Ne3 Qf4 30. Qxf4 Rxf4 31. Nf5 Rc7 32. c3 d5 33. Nd4 dxe4 34. Be2 Rf6 35. Kh2 Re7 36.
Kg3 Rg7+ 37. Kh2 Rf2 38. Bg4 h5 39. Kg3 Rxb2 40. Ne6 hxg4 41. Nxg7 Kxg7 42. Kxg4 Rxg2+ 43. Kf4 Rh2 44. Kxe4 Rxh3 45. Kd4 Rh5 0-1

[Event "*** SCC Grand Prix: Titled Tuesday Blitz"]
[Site "Chess.com"]
[Date "2020.06.02"]
[Round "5"]
[White "awesomevishesh"]
[Black "Bhagya_2312"]
[Result "1-0"]
[WhiteElo "2452"]
[BlackElo "2152"]
[TimeControl "180+1"]
[EndTime "10:58:17 PDT"]
[Termination "awesomevishesh won on time"]

1. d4 d5 2. c4 e6 3. Nf3 Nf6 4. g3 Bb4+ 5. Nbd2 dxc4 6. Bg2 O-O 7. Qc2 Nc6 8. Qxc4 a6 9. O-O Be7 10. b3 Bd7 11. Bb2 Nb4 12. Qc1 Rb8 13. a3 Nc6 14. Nc4 b5 15. Nce5 Na5 16. Qc2 Be8 17. Rfd1 Rc8 18.
b4 Nb7 19. Nc6 Bxc6 20. Qxc6 Nd6 21. Ne5 Qe8 22. Qxa6 Nd5 23. Qc6 Nc4 24. Qxe8 Rfxe8 25. Nxc4 bxc4 26. Rac1 Nb6 27. Bc6 Red8 28. e4 Rd6 29. b5 Na4 30. Ba1 Rdd8 31. Rxc4 Nb6 32. Rcc1 Bxa3 33. Rc2 Be7 34. Kg2 Bf6 35. Rdd2 1-0

[Event "*** SCC Grand Prix: Titled Tuesday Blitz"]
[Site "Chess.com"]
[Date "2020.06.02"]
[Round "5"]
[White "oykuince"]
[Black "MrChampion_Coach"]
[Result "0-1"]
[WhiteElo "2085"]
[BlackElo "2447"]
[TimeControl "180+1"]
[EndTime "10:58:17 PDT"]
[Termination "MrChampion_Coach won by resignation"]

1. e4 c5 2. Nf3 d6 3. c3 Nf6 4.
h3 b6 5. Bd3 Bb7 6. Qe2 e6 7. O-O Be7 8. Bc2 O-O 9. d4 Nc6 10.
e5 dxe5 11. dxe5 Nd7 12. Qe4 g6 13. Qe2 Qc7 14. Bf4 Rfd8 15. Nbd2 Na5 16. Ne4 Bxe4 17.
Bxe4 Rac8 18. h4 c4 19. h5 Nc5 20. hxg6 hxg6 21. Nd4 Nxe4 22. Qxe4 Kg7 23. Rae1 Nb7 24. Re3 Nc5 25. Qc2 Nd3 26. Bg3 Bc5 27. Re4 Rh8 28.
Rg4 Rh5 29. b4 Rch8 30. Rxg6+ Kxg6 31. Nxe6 fxe6 32. Qxd3+ cxd3 0-1

[Event "*** SCC Grand Prix: Titled Tuesday Blitz"]
[Site "Chess.com"]
[Date "2020.06.02"]
[Round "5"]
[White "Jumbo"]
[Black "Sibelephant"]
[Result "0-1"]
[WhiteElo "2839"]
[BlackElo "3168"]
[TimeControl "180+1"]
[EndTime "10:58:18 PDT"]
[Termination "Sibelephant won on time"]

1. d4 d5 2. c4 c6 3. Nf3 Nf6 4. Qb3 e6 5. Bg5 Nbd7 6. e3 h6 7. Bh4 g5 8. Bg3 Ne4 9. Nc3 Nxg3 10. hxg3 Bg7 11. O-O-O Qe7 12. g4 a6 13. Qc2 O-O 14.
Bd3 dxc4 15. Bxc4 b5 16. Bd3 c5 17. Bh7+ Kh8 18. Be4 Rb8 19. d5 b4 20. d6 Qf6 21. Ne2 c4 22. Ned4 Nc5 23. Nxg5 b3 24.
Qxc4 bxa2 25. Qxa2 Qxf2 26. Nc2 Bxb2+ 27. Qxb2+ Rxb2 28. Rxh6+ Kg7 29. Rh7+ Kg8 30. Rdh1 Nxe4 31. Rh8+ Kg7 32.
R1h7+ Kg6 0-1

[Event "*** SCC Grand Prix: Titled Tuesday Blitz"]
[Site "Chess.com"]
[Date "2020.06.02"]
[Round "5"]
[White "penguingm1"]
[Black "EvgenyRomanov"]
[Result "0-1"]
[WhiteElo "2929"]
[BlackElo "2670"]
[TimeControl "180+1"]
[EndTime "10:58:18 PDT"]
[Termination "EvgenyRomanov won by resignation"]

1. d4 Nf6 2. c4 e6 3. Nc3 Bb4 4. Qc2 d6 5. Nf3 Nbd7 6. g3 O-O 7. Bg2 e5 8. O-O Re8 9. Rd1 h6 10. dxe5 dxe5 11. b3 c6 12. Bb2 Qc7 13. a3 Bf8 14. b4 a5 15. b5 Nc5 16. a4 Bg4 17. h3 Be6 18. Nd2 Rad8 19. Nce4 Nfxe4 20. Nxe4 f5 21. Nxc5 Bxc5 22. e3 Bb4 23. b6 Qf7 24. Bxe5 Bxc4 25. Qb2 Bd5 26. Bf1 Bf3 27. Rd4 Kh7 28. Rc1 Be4 29. Bc4 Qh5 30. Kh2 Rxd4 31. Bxd4 Qf3 32. Rg1 Bf8 33. Be2 Qxf2+ 0-1